 Dungeon Crawl Stone Soup version 0.30-b1-2-g02819fbbbe (webtiles) character file.

Game seed: 388476715254707193

29 sanka the Ducker (level 3, 28/28 HPs)
             Began as a Merfolk Hexslinger on May 9, 2023.
             Was a Follower of Kikubaaqudgha.
             Quit the game on level 2 of the Dungeon.
             The game lasted 00:01:57 (736 turns).

sanka the Ducker (Merfolk Hexslinger)                Turns: 736, Time: 00:01:57

Health: 28/28      AC:  4    Str: 10    XL:     3   Next: 16%
Magic:  4/4        EV: 13    Int: 14    God:    Kikubaaqudgha [*.....]
Gold:   24         SH:  0    Dex: 14    Spells: 3/4 levels left

rFire   . . .        a - +1 sling
rCold   . . .        (no shield)
rNeg    . . .        c - +0 robe
rPois   .            l - +1 hat
rElec   .            m - +0 cloak
rCorr   .            (no gloves)
SInv    .            (no boots)
Will    .....        (no amulet)
Stlth   +            (no ring)
HPRegen 0.24/turn    (no ring)
MPRegen 0.09/turn

%: no passive effects
@: no status effects
A: (nimble swimmer 2), mertail
a: Renounce Religion, Unearth Wretches


You were on level 2 of the Dungeon.
You worshipped Kikubaaqudgha.
Kikubaaqudgha was aware of your devotion.
You visited 1 branch of the dungeon, and saw 2 of its levels.

You collected 24 gold pieces.

Inventory:

Hand Weapons
 a - a +1 sling (weapon)
Armour
 c - a +0 robe (worn)
 l - a +1 hat (worn)
 m - a +0 cloak (worn)
Scrolls
 b - a scroll of poison {!r}
 e - a scroll of acquirement {unknown}
 f - 3 scrolls of identify {unknown}
 i - a scroll of noise {unknown}
Potions
 d - 2 potions of haste {unknown}
 g - 2 potions of berserk rage {unknown}
 h - a potion of invisibility {unknown}
 j - a potion of lignification {unknown}
 k - a potion of curing {unknown}
 n - a potion of ambrosia {unknown}


   Skills:
 + Level 2.3 Fighting
 - Level 1.5 Ranged Weapons
 + Level 3.7 Dodging
 - Level 1.1 Spellcasting
 - Level 3.0 Hexes


You had 3 spell levels left.
You knew the following spells:

 Your Spells              Type           Power      Damage    Failure   Level
a - Slow                  Hex            36%        N/A       8%          1

Your spell library contained the following spells:

 Spells                   Type           Power      Damage    Failure   Level
 Kiss of Death            Conj/Necr      0%         2d5       26%         1
 Necrotise                Necr           0%         1d4       26%         1
 Inner Flame              Hex/Fire       5%         N/A       38%         3
 Portal Projectile        Hex/Tloc       10%        N/A       38%         3
 Vampiric Draining        Necr           0%         2d6       61%         3
 Cause Fear               Hex            4%         N/A       58%         4
 Animate Dead             Necr           0%         N/A       95%         4


Dungeon Overview and Level Annotations

Branches:
Dungeon (2/15)

Altars:
Kikubaaqudgha

Annotations:
D:2 Sigmund


Innate Abilities, Weirdness & Mutations

((You are very nimble when in or above water. (Stealth+, EV+, Speed+++)))
Your lower body shifts to a powerful aquatic tail in water.


Message History

The plant begins to die.
The plant is lightly damaged.
You shoot a sling bullet. The sling bullet hits the plant.
The plant is lightly damaged.
A nearby plant withers and dies.
You shoot a sling bullet. The sling bullet hits the plant.
The plant is lightly damaged.
You shoot a sling bullet.
The sling bullet completely misses the plant.
The sling bullet hits the fungus but does no damage.
A nearby plant withers and dies.
Found a faded altar of an unknown god.
You shoot a sling bullet. The sling bullet hits the fungus.
The fungus begins to die.
The fungus is lightly damaged.
You shoot a sling bullet.
The sling bullet hits the fungus but does no damage.
You shoot a sling bullet. The sling bullet hits the fungus.
The fungus begins to die.
The fungus is lightly damaged.
You shoot a sling bullet. The sling bullet hits the fungus!
The fungus is lightly damaged.
A nearby fungus withers and dies.
You shoot a sling bullet. The sling bullet hits the fungus.
The fungus is lightly damaged.
You shoot a sling bullet. The sling bullet hits the fungus.
The fungus is lightly damaged.
A nearby fungus withers and dies.
There is a faded altar of an unknown god here.
This altar belongs to (a) Hepliaklqana, (b) Kikubaaqudgha or (c) Jiyva, but you can't tell which.
Press the corresponding letter to learn more about a god, or press enter to convert or escape to cancel.
Okay, then.
Unknown command.
Press < or > to pray at altars.
This altar belongs to (a) Hepliaklqana, (b) Kikubaaqudgha or (c) Jiyva, but you can't tell which.
Press the corresponding letter to learn more about a god, or press enter to convert or escape to cancel.
Kikubaaqudgha accepts your prayer! Kikubaaqudgha welcomes you!
You can now bring forth the wretched and dying.
Kikubaaqudgha grants you a gift!
You add the spells Kiss of Death, Necrotise, Vampiric Draining and Animate Dead to your library.
Are you sure you want to abandon this character and quit the game? (Confirm with "yes".)

######### #.......# #)#####.# #.#
#.# ### #####.### #.#
######8##########.......# #.# #
#.......##P..#P##.......# #.# #
#....#8..#....8##.......# #.#.#
#...####P..##.@##.......# #.#.#
###...#####P##P8###.####### #.#..
......#..######## #.# #.###
......#..####### ##.## #####....
......#.##.....# #...####......##
>[....#.##.....###...............
.........'.....†.................
........##.....##########......##
.#..#.####.....######## #......#


There were no monsters in sight!

Vanquished Creatures
  A worm (D:2)
  A dart slug (D:1)
  3 endoplasms
  A goblin (D:2)
  4 hobgoblins
  3 quokkas (D:1)
  A ball python (D:1)
  2 bats (D:1)
  2 frilled lizards (D:1)
  2 kobolds (D:1)
  2 rats (D:1)
22 creatures vanquished.

Vanquished Creatures (others)
  3 fungi (D:2)
  2 plants (D:2)
5 creatures vanquished.

Grand Total: 27 creatures vanquished

Notes
Turn   | Place    | Note
-------+----------+-------------------------------------------
     0 | D:1      | sanka the Merfolk Hexslinger began the quest for the Orb.
     0 | D:1      | Reached XP level 1. HP: 15/15 MP: 2/2
   134 | D:1      | Reached XP level 2. HP: 21/21 MP: 3/3
   536 | D:2      | Noticed Sigmund
   628 | D:2      | Reached XP level 3. HP: 27/27 MP: 4/4
   725 | D:2      | Found a faded altar of an unknown god.
   735 | D:2      | Prayed at the altar of an unknown god.
   735 | D:2      | Became a worshipper of Kikubaaqudgha
   735 | D:2      | Reached * piety under Kikubaaqudgha
   735 | D:2      | Received a gift from Kikubaaqudgha
   736 | D:2      | Quit the game

Illustrated notes

Levels and vault maps discovered:
D:1:      eino_arrival_water_star, layout_rooms
D:2:      layout_basic, shapermc_ecumenical_altar_petra, basic_altar,
          chequers_hall_statues_corner_a, uniq_sigmund

Skill      XL: |  1  2 |
---------------+-------+-----
Dodging        | 3 |  3.7
Fighting       | 2 |  2.3
Ranged Weapons | |  1.5
Spellcasting   | |  1.1
Hexes          | |  3.0

Action                     || total
---------------------------++-------
   Fire: Sling             ||    88
 Armour: Robe              ||     4
  Dodge: Dodged            ||    10
